 Dungeon Crawl Stone Soup version 0.24.0-2-g5b39cebb1c (webtiles) character file.

Game seed: 15451133499112593805, levelgen mode: deterministic

768 Mrkan the Chopper (level 7, -2/62 HPs)
             Began as a Minotaur Fighter on Oct 29, 2019.
             Slain by Pikel
             ... wielding a +2 whip of electrocution
              (15 damage)
             ... on level 5 of the Dungeon.
             The game lasted 00:06:41 (4022 turns).

Mrkan the Chopper (Minotaur Fighter)                Turns: 4022, Time: 00:06:41

Health: -2/62      AC: 13    Str: 22    XL:     7   Next: 52%
Magic:  6/6        EV:  4    Int:  5    God:
Gold:   207        SH: 10    Dex: 10    Spells: 6/6 levels left

rFire    . . .     SeeInvis .   a - +0 war axe
rCold    . . .     Gourm    .   c - +0 shield
rNeg     . . .     Faith    .   t - +0 plate armour
rPois    .         Spirit   .   q - +0 hat
rElec    .         Reflect  .   r - +0 cloak
rCorr    .         Harm     .   (no gloves)
MR       .....                  (no boots)
Stlth    ..........             (no amulet)
HPRegen  0.20/turn              (no ring)
MPRegen  0.10/turn              (no ring)

@: no status effects
A: retaliatory headbutt, horns 2
a: no special abilities


You were on level 5 of the Dungeon.
You were very hungry.

You visited 1 branch of the dungeon, and saw 5 of its levels.

You collected 207 gold pieces.

Inventory:

Hand Weapons
 a - a +0 war axe (weapon)
Armour
 c - a +0 shield (worn)
 q - a +0 hat (worn)
 r - a +0 cloak (worn)
 t - a +0 plate armour (worn)
 u - a +1 chain mail of cold resistance
Jewellery
 b - a +6 ring of slaying {unknown}
 x - an uncursed ring of protection from cold {unknown}
Wands
 o - a wand of paralysis (5)
Scrolls
 e - 2 scrolls of enchant weapon {unknown}
 h - 3 scrolls of remove curse {unknown}
 j - 5 scrolls of identify {unknown}
 l - 2 scrolls of enchant armour {unknown}
 n - 2 scrolls of fog {unknown}
 w - a scroll of noise {unknown}
 y - a scroll of teleportation {unknown}
Potions
 g - 2 potions of curing
 i - 2 potions of heal wounds {unknown}
 k - 2 potions of agility {unknown}
 m - 2 potions of berserk rage {unknown}
 p - 3 potions of mutation {unknown}
 s - 2 potions of brilliance {unknown}
 v - a potion of haste {unknown}
Comestibles
 f - 7 rations


   Skills:
 + Level 5.8 Fighting
 * Level 6.7 Axes
 + Level 5.8 Armour
 + Level 5.7 Shields


You had 6 spell levels left.
You didn't know any spells.
Your spell library was empty.

Dungeon Overview and Level Annotations

Branches:
Dungeon (5/15)
 Temple: D:4-7

Altars:
Elyvilon
The Shining One

Annotations:
D:3 1 runed translucent door, Morbidden's ghost, amateur DsFi
D:5 Pikel


Innate Abilities, Weirdness & Mutations

You reflexively headbutt those who attack you in melee.
You have a pair of horns on your head.


Message History

Your plate armour prevents you from hitting Pikel.
You headbutt Pikel.
Pikel is severely wounded.
Pikel hits you but does no damage.
Your plate armour prevents you from hitting Pikel.
Pikel is severely wounded.
Pikel says, "I'm sure they'll be treated well, anyway."
Pikel hits you but does no damage.
You closely miss Pikel.
Pikel is severely wounded.
You block Pikel's attack. x2
Your shield and plate armour prevent you from hitting Pikel.
Pikel is severely wounded.
Pikel hits you with a +2 whip of electrocution.
You are electrocuted!
* * * LOW HITPOINT WARNING * * *
You hit Pikel but do no damage.
Pikel is severely wounded.
Pikel hits you but does no damage.
You are electrocuted!
You die...

#...$... # # ##........
..#. #.........
...##.........
#?........... ...........
#.K#....!. #@....>.#
#.####### ####.#### #..
#.......###
####.#.....##.#.......#
#..........##.#.....#.#
#.#........##)#.##..#.#.#
..#.##.....##.#.##.....#
#.#........##.......#.#.#


You could see Pikel.

Vanquished Creatures
  Eustachio (D:5)
  4 slaves (D:5)
  3 ogres
  Crazy Yiuf (D:2)
  An orc priest (D:4)
  An orc wizard (D:3)
  4 worker ants (D:4)
  A worker ant zombie (D:5)
  3 gnolls (D:3)
  6 adders
  An ooze (D:4)
  A worm (D:2)
  2 leopard geckos
  18 orcs
  A giant cockroach (D:1)
  5 hobgoblins
  10 jackals
  6 kobolds
  A quokka (D:4)
  2 ball python skeletons (D:4)
  7 bats
  5 frilled lizards
  5 goblins
  4 rats
93 creatures vanquished.

Vanquished Creatures (others)
  A withered plant (D:3)
1 creature vanquished.

Grand Total: 94 creatures vanquished

Notes
Turn   | Place    | Note
-------+----------+-------------------------------------------
     0 | D:1      | Mrkan the Minotaur Fighter began the quest for the Orb.
     0 | D:1      | Reached XP level 1. HP: 19/19 MP: 0/0
   295 | D:1      | Reached XP level 2. HP: 27/27 MP: 1/1
   321 | D:1      | Reached skill level 3 in Axes
  1032 | D:2      | Reached XP level 3. HP: 29/33 MP: 2/2
  1439 | D:2      | Found a runed translucent door.
  1440 | D:2      | Noticed Crazy Yiuf
  1453 | D:2      | Killed Crazy Yiuf
  1453 | D:2      | Reached skill level 4 in Axes
  1453 | D:2      | Reached XP level 4. HP: 16/40 MP: 3/3
  2021 | D:3      | Reached XP level 5. HP: 35/47 MP: 4/4
  2075 | D:3      | Found a runed translucent door.
  2420 | D:3      | Noticed Morbidden's ghost (amateur DsFi)
  2441 | D:3      | Found a glowing golden altar of the Shining One.
  2441 | D:3      | Found a white marble altar of Elyvilon.
  2722 | D:4      | Noticed an ogre
  2730 | D:4      | Killed an ogre
  2730 | D:4      | Reached skill level 5 in Axes
  2730 | D:4      | Reached skill level 5 in Armour
  2730 | D:4      | Reached XP level 6. HP: 31/55 MP: 5/5
  2734 | D:4      | Reached skill level 5 in Fighting
  2737 | D:4      | Reached skill level 5 in Shields
  3593 | D:5      | Entered Level 5 of the Dungeon
  3593 | D:5      | Noticed Eustachio
  3621 | D:5      | Killed Eustachio
  3621 | D:5      | Reached skill level 6 in Axes
  3621 | D:5      | Reached XP level 7. HP: 55/61 MP: 6/6
  4003 | D:5      | Noticed Pikel
  4022 | D:5      | Slain by Pikel

Levels and vault maps discovered:
D:1:      eino_arrival_cavern_b, layout_basic, ebering_dispersal_statue_hall,
          serial_bayou_ford_a
D:2:      layout_basic, serial_rivers, chequers_serial_rivers_small_b,
          chequers_serial_rivers_micro_d, chequers_serial_rivers_room_a,
          chequers_serial_rivers_large_a, chequers_serial_rivers_small_3,
          uniq_crazy_yiuf_cottage
D:3:      layout_loops_corners, gammafunk_temple_overflow_elements,
          gammafunk_ghost_grave
D:4:      layout_cave_pools
D:5:      layout_loops_cross, first_ration, lemuel_altar_in_water,
          uniq_eustachio, uniq_pikel

Skill      XL: |  1  2  3  4  5  6 |
---------------+-------------------+-----
Axes           | 3 4 5 6 |  6.7
Armour         | 4 5 |  5.8
Shields        | 4 5 |  5.7
Fighting       | 4 5 |  5.8

Action                   |  1- 3 |  4- 6 |  7- 9 || total
-------------------------+-------+-------+-------++-------
Melee: War axe           |    78 |   158 |    52 ||   288
       Headbutt          |    12 |    26 |    14 ||    52
  Use: Potion            |       |       |     1 ||     1
  Eat: Chunk             |     1 |     8 |       ||     9
Armor: Scale mail        |    29 |    18 |       ||    47
       Plate armour      |       |    86 |    21 ||   107
Dodge: Dodged            |    27 |    28 |     7 ||    62
Block: Shield            |    47 |    79 |    21 ||   147
